 Dungeon Crawl Stone Soup version 0.20.1-1-g8b1a95d (webtiles) character file.

520 letownia2 the Grave Robber (level 7, 48/57 HPs)
             Began as a Deep Dwarf Necromancer on Nov 5, 2017.
             Quit the game on level 5 of the Dungeon.
             The game lasted 00:10:10 (3108 turns).

letownia2 the Grave Robber (Deep Dwarf Necromancer) Turns: 3108, Time: 00:10:11

Health: 48/57      AC:  6    Str: 11    XL:     7   Next: 1%
Magic:  8/12       EV: 11    Int: 18    God:
Gold:   157        SH:  0    Dex: 13    Spells: 8/12 levels left

rFire    + . .     SeeInvis .   a - +0 dagger
rCold    x . .     Gourm    .   (no shield)
rNeg     . . .     Faith    .   h - +0 ring mail
rPois    .         Spirit   .   d - +0 helmet
rElec    .         Reflect  .   (no cloak)
rCorr    .         Harm     .   (no gloves)
MR       +....                  (no boots)
Stlth    +.........             (no amulet)
Regen    0.0/turn               r - ring of fire
MPRegen  0.2/turn               (no ring)

@: non-regenerating
A: damage resistance, heal wounds, sense surroundings 1, no regeneration
a: Heal Wounds


You were on level 5 of the Dungeon.
You were not hungry.

You visited 1 branch of the dungeon, and saw 5 of its levels.

You collected 157 gold pieces.

Inventory:

Hand Weapons
 a - a +0 dagger (weapon)
Missiles
 e - 26 sling bullets
Armour
 d - a +0 helmet (worn)
 h - a +0 ring mail (worn)
 m - a +0 scale mail
Jewellery
 r - a ring of fire (left hand)
Scrolls
 f - 3 scrolls of remove curse {unknown}
 k - 2 scrolls of teleportation {unknown}
Potions
 i - a potion of degeneration {unknown}
 j - 4 potions of curing {unknown}
 n - a potion of brilliance
 q - a potion of haste {unknown}
 t - a potion of mutation {unknown}
Books
 b - a book of Necromancy

   Spells                             Type                      Level
   a - Pain                           Necromancy                   1
   b - Animate Skeleton               Necromancy                   1
   c - Vampiric Draining              Necromancy                   3
   d - Regeneration                   Charms/Necromancy            3
   e - Animate Dead                   Necromancy                   4
   f - Control Undead                 Necromancy                   4
Comestibles
 c - 5 bread rations
 g - 4 chunks of flesh
 l - a royal jelly


   Skills:
 + Level 1.4 Fighting
 - Level 1.2 Armour
 - Level 2.1 Dodging
 - Level 2.4 Stealth
 - Level 3.3 Spellcasting
 + Level 7.9 Necromancy


You had 8 spell levels left.
You knew the following spells:

 Your Spells              Type           Power        Failure   Level  Hunger
a - Pain                  Necr           ####         1%          1    None
v - Vampiric Draining     Necr           ####......   4%          3    ###....


Dungeon Overview and Level Annotations

Branches:
Dungeon (5/15)
 Temple: D:4-7

Altars:
Trog
Yredelemnul

Shops:
D:4 %

Annotations:
D:4 2 exclusions, Lucio's ghost, novice TeWr


Innate Abilities, Weirdness & Mutations

You are resistant to damage.
You can heal yourself by infusing magical energy.
You passively map a small area around you.
You do not regenerate.


Message History

Wear which item? (? for menu, Esc to quit)
Okay, then.
As you read the scroll labeled LOMABI ZORAUMY, it crumbles to dust.
It is a scroll of identify.
n - a potion of brilliance
As you read the scroll labeled KAES VITOHOZOTS, it crumbles to dust.
It is a scroll of recharging.
You aren't carrying any rechargeable items.
The orc misses you.
Blink to where?
Press: ? - help, Dir - move target cursor, f - you Are you sure you want to cancel this blink? [Y]es or [N]o only, please.
Are you sure you want to cancel this blink?
Uppercase [Y]es or [N]o only, please.
Are you sure you want to cancel this blink?
Okay, then.
As you read the scroll labeled NIHAM CYQEO, it crumbles to dust.
It was a scroll of blinking.
The orc hits you but does no damage.
Are you sure you want to abandon this character and quit the game? (Confirm with "yes".)

,, , ,, ,#..........# *
,,###...##...#
#########...##...# ,
#............#...# ....+
,#............#...# #....#
#............#...# ,#....#
#....oa......#...# ,,+....#*
##..##o###'###+### +##....#
#.. #@###..##...# ..#....#
oaoo,#..#........#
..#....#,..... #..#........#
..'....#..##.o #..#........#
###....#..##..##########...#
.......#..##..##..######...#
.......#...'.........#.....#
.......#...#.........#.....#
.......#...#.........#.....#


You could see a worker ant and 2 orcs.

Vanquished Creatures
  2 ogres
  An orc priest (D:4)
  3 orc wizards
  An iguana (D:5)
  4 worker ants
  6 adders
  An ooze (D:4)
  An adder skeleton (D:4)
  A dart slug (D:4)
  3 leopard geckos
  10 orcs
  3 giant cockroaches
  A hobgoblin (D:3)
  3 jackals (D:5)
  7 kobolds
  A quokka (D:5)
  A ball python (D:5)
  3 frilled lizards
  A giant cockroach zombie (D:5)
  2 goblins
  A rat (D:2)
56 creatures vanquished.

Notes
Turn   | Place    | Note
-------+----------+-------------------------------------------
     0 | D:1      | letownia2 the Deep Dwarf Necromancer began the quest for the Orb.
     0 | D:1      | Reached XP level 1. HP: 15/15 MP: 3/3
   234 | D:2      | Reached XP level 2. HP: 16/22 MP: 0/5
   290 | D:2      | Reached skill level 5 in Necromancy
   430 | D:2      | Reached XP level 3. HP: 20/28 MP: 1/6
   435 | D:2      | Learned a level 3 spell: Vampiric Draining
   645 | D:3      | Found a basalt altar of Yredelemnul.
   728 | D:4      | Noticed an ogre
   913 | D:4      | Found a bloodstained altar of Trog.
   925 | D:4      | Reached skill level 1 in Armour
   925 | D:4      | Reached XP level 4. HP: 31/36 MP: 0/7
  1330 | D:4      | Noticed Lucio's ghost (novice TeWr)
  1349 | D:5      | Entered Level 5 of the Dungeon
  1520 | D:5      | Reached skill level 6 in Necromancy
  1539 | D:5      | Noticed an ogre
  1605 | D:4      | Reached XP level 5. HP: 19/42 MP: 0/9
  2102 | D:4      | Killed an ogre
  2102 | D:4      | Reached XP level 6. HP: 16/49 MP: 0/11
  2311 | D:4      | Found Roptufy's Food Emporium.
  2470 | D:4      | Reached skill level 7 in Necromancy
  2881 | D:4      | Reached skill level 1 in Fighting
  3061 | D:5      | Reached XP level 7. HP: 47/57 MP: 2/12
  3108 | D:5      | Quit the game

Skill      XL: |  1  2  3  4  5  6 |
---------------+-------------------+-----
Spellcasting   | 2 3 |  3.3
Necromancy     | 5 6 7 |  7.9
Armour         | 1 |  1.2
Fighting       | 1 |  1.4
Dodging        | |  2.1
Stealth        | |  2.4

Action                   |  1- 3 |  4- 6 |  7- 9 || total
-------------------------+-------+-------+-------++-------
Melee: Dagger            |    15 |    41 |       ||    56
 Cast: Pain              |    40 |    35 |       ||    75
       Vampiric Draining |     3 |    38 |     1 ||    42
  Use: Scroll            |       |       |     3 ||     3
  Eat: Chunk             |     1 |    11 |       ||    12
Armor: Ring mail         |     5 |    49 |       ||    54
Dodge: Dodged            |    14 |    69 |     1 ||    84
